 Dungeon Crawl Stone Soup version 0.31-a0-1072-g202bf7ea07 (webtiles) character file.

Game seed: 12573060451905331470

134 Farnir the Covered (level 4, -3/41 HPs)
             Began as a Minotaur Fighter on Nov 26, 2023.
             Slain by a gnoll
             ... wielding a +0 spear
              (4 damage)
             ... on level 3 of the Dungeon.
             The game lasted 00:05:00 (1383 turns).

Farnir the Covered (Minotaur Fighter)               Turns: 1383, Time: 00:05:00

Health: -3/41      AC:  7    Str: 22    XL:     4   Next: 95%
Magic:  3/3        EV: 10    Int: 11    God:
Gold:   869        SH:  4    Dex: 10    Spells: 3/3 levels left

rFire   . . .        a - +1 war axe
rCold   . . .        c - +0 buckler
rNeg    . . .        b - +0 scale mail
rPois   .            (helmet restricted)
rElec   .            (no cloak)
rCorr   .            (no gloves)
SInv    .            (no boots)
Will    .....        k - amulet of magic regeneration Stlth
                     h - +6 ring of intelligence
HPRegen 0.26/turn    (no ring)
MPRegen 0.48/turn

%: no passive effects
@: no status effects
A: horns 2, retaliatory headbutt
a: no special abilities


You were on level 3 of the Dungeon.
You visited 1 branch of the dungeon, and saw 3 of its levels.

You collected 869 gold pieces.

Inventory:

Hand Weapons
 a - a +1 war axe (weapon)
Armour
 b - a +0 scale mail (worn)
 c - a +0 buckler (worn)
Jewellery
 h - a +6 ring of intelligence (left hand)
 k - an amulet of magic regeneration (around neck)
Scrolls
 e - a scroll of teleportation
Potions
 d - a potion of might
 f - a potion of heal wounds
 g - a potion of lignification {unknown}
 i - 3 potions of curing
 j - a potion of haste {unknown}


   Skills:
 + Level 4.4 Fighting
 + Level 3.5 Axes
 + Level 4.4 Armour
 + Level 2.0 Dodging
 + Level 4.4 Shields


You had 3 spell levels left.
You didn't know any spells.
Your spell library contained the following spells:

 Spells                   Type           Power      Damage    Failure   Level
 Foxfire                  Conj/Fire      0%         2x1d4     73%         1
 Plasma Beam              Fire/Air       0%         2x1d10    100%        6
 Starburst                Conj/Fire      0%         6d3       100%        6


Dungeon Overview and Level Annotations

Branches:
Dungeon (3/15)

Altars:


Innate Abilities, Weirdness & Mutations

You have a pair of horns on your head.
You reflexively headbutt those who attack you in melee.


Message History

The goblin hits you but does no damage.
Unknown command.
You hit the goblin.
You kill the goblin!
Things that are here:
a +0 club; a +0 sling of flaming; a goblin corpse You start resting.
HP restored.
There is a stone staircase leading down here. 2 gnolls come into view.
The gnoll shouts! x2
A gnoll comes into view. It is wielding a +0 spear.
There is a stone staircase leading down here.
The gnoll shouts!
The gnoll hits you from afar with a +0 spear.
The gnoll hits you from afar with a +0 spear.
You block the gnoll's attack. The gnoll barely misses you.
The gnoll hits you from afar with a +0 spear.
Unknown command.
The gnoll hits you but does no damage. The gnoll hits you with a +0 spear.
The gnoll hits you but does no damage.
You slash the gnoll!
The gnoll is severely wounded.
You hit the gnoll. The gnoll misses you.
The gnoll hits you but does no damage. x2
The gnoll hits you with a +0 spear!
You barely miss the gnoll.
The gnoll is severely wounded.
You closely miss the gnoll. The gnoll hits you with a +0 spear!
The gnoll hits you from afar with a +0 spear.
* * * LOW HITPOINT WARNING * * *
The gnoll barely misses you. x2; The gnoll closely misses you.
You hit the gnoll.
You kill the gnoll!
You closely miss the gnoll. The gnoll hits you with a +0 spear.
* * * LOW HITPOINT WARNING * * *
The gnoll hits you from afar with a +0 spear.
* * * LOW HITPOINT WARNING * * *
The gnoll hits you with a +0 spear.
You die...

#.8 #..# #.. #..#
#88 #..# #.g ####
#..# #g8
.).##########
#..############..
##..........#
#..#.g..g.g..##88
###########.#
###g.#.#######.##..
# #.# #.@)g#g#
#....# ####### ###.#
#.##.#.# ######
....†.# #...#
#.##.#># #####.#
#.### #.)....# #
#.###.#####)#..###
#####..........)#.##
#.............))#.#
#..###.##.#######.#
#..#...##.# #.#


You could see 2 gnolls.

Vanquished Creatures
  Robin (D:3)
  4 adders
  A gnoll (D:3)
  2 worms
  2 dart slugs (D:1)
  An orc (D:3)
  6 endoplasms
  2 giant cockroaches
  16 goblins
  2 hobgoblins
  8 jackals
  3 quokkas
  7 ball pythons
  4 bats
  5 frilled lizards
  6 kobolds
  2 rats
72 creatures vanquished.

Notes
Turn   | Place    | Note
-------+----------+-------------------------------------------
     0 | D:1      | Farnir the Minotaur Fighter began the quest for the Orb.
     0 | D:1      | Reached XP level 1. HP: 19/19 MP: 0/0
    84 | D:1      | Reached XP level 2. HP: 27/27 MP: 1/1
   191 | D:1      | Reached skill level 1 in Dodging
   305 | D:1      | Reached XP level 3. HP: 33/33 MP: 2/2
   669 | D:2      | Identified a scroll of acquirement
   669 | D:2      | Acquired 679 gold pieces
   705 | D:2      | Reached XP level 4. HP: 37/40 MP: 3/3
   912 | D:2      | Found a faded altar of an unknown god.
  1180 | D:3      | Noticed Robin
  1190 | D:3      | Killed Robin
  1383 | D:3      | HP: 1/41 [gnoll/+0 spear (6)]
  1383 | D:3      | Slain by a gnoll

Illustrated notes

Levels and vault maps discovered:
D:1:      saegor_arrival_simple_c, layout_rooms, minmay_tetromino_s4
D:2:      layout_loops_cross, ebering_ecumenical_altar_abandoned
D:3:      layout_loops_ring, small_statue_alley_b, uniq_robin

Skill      XL: |  1  2  3  4 |
---------------+-------------+-----
Dodging        | 1 2 |  2.0
Armour         | 4 |  4.4
Fighting       | 4 |  4.4
Shields        | 4 |  4.4
Axes           | 3 |  3.5

Action                     |  1- 3 |  4- 6 || total
---------------------------+-------+-------++-------
  Melee: War axe           |    89 |    49 ||   138
         Headbutt          |    10 |     5 ||    15
    Use: Scroll            |     6 |     2 ||     8
 Armour: Scale mail        |    59 |    43 ||   102
  Dodge: Dodged            |    45 |    30 ||    75
  Block: Buckler           |    27 |    11 ||    38

Table legend: (Time is in decaauts)
 A = Elapsed time spent in this place.
 B = Non-inter-level travel time spent in this place.
 C = Inter-level travel time spent in this place.
 D = Time resting spent in this place.
 E = Time spent auto-exploring this place.
 F = Levels seen in this place.
 G = Mean time per level.
                   A        B        C        D        E       F      G
               +--------+--------+--------+--------+--------+-----+--------+
         Total |   1433 |   1401 |     32 |    107 |    917 |   3 |  477.7 |
       Dungeon |   1433 |   1401 |     32 |    107 |    917 |   3 |  477.7 |
               +--------+--------+--------+--------+--------+-----+--------+

Top non-repeatable levels by time:
     D:2: 728 daAuts
     D:1: 399 daAuts
     D:3: 305 daAuts
